 Dungeon Crawl Stone Soup version 0.22-a0-303-g4a852b3 (webtiles) character file.

9021 roguesci the Fighter (level 11, -9/115 HPs)
             Began as a Naga Transmuter on Mar 26, 2018.
             Was an Elder of Cheibriados.
             Mangled by a skeletal warrior
             ... wielding a +0 battleaxe of electrocution
             ... led by a skeletal warrior
              (24 damage)
             ... on level 11 of the Dungeon on Mar 27, 2018.
             The game lasted 00:35:44 (12635 turns).

roguesci the Fighter (Naga Transmuter)             Turns: 12635, Time: 00:35:45

Health: -9/115     AC:  8    Str: 21    XL:     11   Next: 40%
Magic:  5/20       EV: 30    Int: 30    God:    Cheibriados [****..]
Gold:   603        SH:  0    Dex: 27    Spells: 19/22 levels left

rFire    . . .     SeeInvis +     - Unarmed
rCold    . . .     Gourm    .   (shield currently unavailable)
rNeg     . . .     Faith    .   (armour currently unavailable)
rPois    x         Spirit   .   (helmet currently unavailable)
rElec    .         Reflect  .   (cloak currently unavailable)
rCorr    .         Harm     .   (gloves currently unavailable)
MR       +....                  (no barding)
Stlth    ++++......             (no amulet)
HPRegen  0.29/turn              e - +6 ring of protection
MPRegen  0.17/turn              s - +3 ring of evasion

@: brilliant, spider-form, very slightly contaminated, very slow
A: tiny, see invisible, slow metabolism 1, spit poison 2, MP-powered wands, AC
+3
a: Breathe Poison Gas, End Transformation, Bend Time, Temporal Distortion,
Slouch, Renounce Religion


You were on level 11 of the Dungeon.
You worshipped Cheibriados.
Cheibriados was greatly pleased with you.
You were not hungry.
You were a venomous arachnid creature.
You visited 2 branches of the dungeon, and saw 14 of its levels.

You collected 603 gold pieces.

Inventory:

Hand Weapons
 c - a +2 hand axe of flaming (melded)
 v - a +4 whip
 x - a +2 whip of freezing
Missiles
 f - 176 stones (quivered)
Armour
 b - a +0 robe (melded)
 j - a scarf of repulsion (melded)
 u - a cursed +0 helmet
 y - a +0 helmet
Jewellery
 e - a +6 ring of protection (left front leg)
 m - an uncursed ring of protection from magic
 s - a +3 ring of evasion (right front leg)
 t - an uncursed ring of protection from fire
 w - a +4 ring of strength
Wands
 k - a wand of paralysis (16)
 E - a wand of polymorph (13)
 H - a wand of digging (29)
 J - a wand of iceblast (10)
Scrolls
 n - 3 scrolls of amnesia
 p - 2 scrolls of remove curse
 A - 4 scrolls of identify
 B - a scroll of fear
Potions
 h - 2 potions of lignification
 q - a potion of berserk rage
 K - 3 potions of haste
Comestibles
 d - 13 rations
 r - 2 chunks of flesh


   Skills:
 * Level 12.5 Fighting
 - Level 2.4 Axes
 * Level 5.8 Dodging
 + Level 7.4 Stealth
 + Level 5.0 Unarmed Combat
 * Level 6.3 Spellcasting
 + Level 4.7 Transmutations
 - Level 4.0 Poison Magic
 + Level 1.0 Invocations


You had 19 spell levels left.
You knew the following spells:

 Your Spells              Type           Power        Failure   Level  Hunger
b - Spider Form           Tmut/Pois      ######....   1%          3    None


Dungeon Overview and Level Annotations

Branches:
Dungeon (13/15)            Temple (1/1) D:5
   Lair: D:8-11         Orc: D:9-12      Vaults: D:13-14

Altars:
Ashenzari
Cheibriados
Dithmenos
Elyvilon
Fedhas
Gozag
Hepliaklqana
Kikubaaqudgha
Makhleb
Nemelex Xobeh
Okawaru
Qazlal
Ru
Sif Muna
Trog
Uskayaw
Vehumet
Wu Jian
Xom
Yredelemnul
Zin
The Shining One

Shops:
D:13 *


Innate Abilities, Weirdness & Mutations

You cannot wear boots.
((Your serpentine skin is tough. (AC +3)))
You have supernaturally acute eyesight. (SInv)
((Armour fits poorly on your strangely shaped body.))
((Your system is resistant to poisons. (rPois)))
((You cover ground very slowly.))
You have a slow metabolism.
You can exhale a cloud of poison.
((You have a beak for a mouth.))
You expend magic power (3 MP) to strengthen your wands.


Message History

Blink to where?
Press: ? - help, Dir - move target cursor You are very lightly contaminated with residual magic.
As you read the scroll labeled PUCHEA QAQU, it crumbles to dust.
It was a scroll of blinking.
As you read the scroll labeled WETICU AKESO, it crumbles to dust.
The creatures around you are filled with an inner flame!
It was a scroll of immolation.
As you read the scroll labeled HIAPEORHYTAPH, it crumbles to dust.
The scroll dissolves into smoke.
It was a scroll of fog.
Okay, then.
You fail to use your ability.
The skeletal warrior misses you. The flow of time bends around you.
The skeletal warrior resists with some effort.
You feel slightly more hungry.
The skeletal warrior closely misses you.
The flow of time bends around you.
The skeletal warrior easily resists.
You feel slightly more hungry.
The skeletal warrior hits you with a battleaxe of electrocution!!
You die...

#..# #..# #..#
#..# #..# #.§#
#§§# #§s####
###§z§§§#
....§§§§§§#
########§##
#......§§..
####..........
##......z......
.......§.......
...............


You could see a skeletal warrior (inner flame).

Vanquished Creatures
  3 two-headed ogres
  Pikel (D:6)
  The ghost of ohad the Changer, a novice OpTm of Okawaru (D:6)
  A queen bee (D:8)
  3 hippogriffs
  A wyvern (D:9)
  9 yaks
  The ghost of grom234 the Shield-Bearer, an amateur FoFi (D:3)
  A hungry ghost (D:7)
  An ice beast (D:9)
  4 sky beasts
  A slave (D:6)
  2 orc warriors
  A necrophage (D:6)
  A phantom (D:8)
  An ogre (D:11)
  A black bear (D:7)
  A centaur (D:11)
  A gnoll sergeant (D:7)
  4 bullfrogs
  A wyvern zombie (D:11)
  A wyvern skeleton (D:8)
  3 scorpions
  18 killer bees
  7 wights
  A howler monkey (D:7)
  An electric eel (D:10)
  2 crimson imps
  2 bullfrog zombies
  2 centaur zombies (D:8)
  2 orc priests
  2 jellies (D:8)
  2 bullfrog skeletons
  3 hounds
  An orc wizard (D:4)
  3 iguanas
  6 worker ants
  A hound skeleton (D:4)
  Robin (D:4)
  5 gnolls (D:7)
  9 adders
  2 shadow imps
  4 adder skeletons
  2 worms
  7 leopard geckos
  24 orcs
  6 bats
  5 giant cockroaches
  12 goblins
  11 hobgoblins
  10 jackals
  6 kobolds
  3 quokkas
  A ball python (D:5)
  5 frilled lizards
  A goblin zombie (D:8)
  A jackal skeleton (D:4)
  A quokka zombie (D:8)
  10 rats
  A fungus (D:4)
224 creatures vanquished.

Vanquished Creatures (others)
  A slave (D:6)
  A bullfrog (D:6)
  An iguana (D:6)
3 creatures vanquished.

Grand Total: 227 creatures vanquished

Notes
Turn   | Place    | Note
-------+----------+-------------------------------------------
     0 | D:1      | roguesci the Naga Transmuter began the quest for the Orb.
     0 | D:1      | Reached XP level 1. HP: 18/18 MP: 3/3
   639 | D:1      | Reached XP level 2. HP: 22/25 MP: 5/5
  1662 | D:1      | Reached XP level 3. HP: 25/31 MP: 6/6
  1667 | D:1      | Learned a level 3 spell: Spider Form
  1922 | D:2      | Upgraded the game from 0.22-a0-301-gf0fe05c to 0.22-a0-303-g4a852b3
  1951 | D:2      | Reached skill level 1 in Axes
  1962 | D:2      | Found a glowing golden altar of the Shining One.
  2350 | D:2      | Reached skill level 1 in Stealth
  2571 | D:2      | Reached XP level 4. HP: 38/38 MP: 7/7
  2773 | D:3      | Noticed grom234's ghost (amateur FoFi)
  3684 | D:3      | Reached skill level 2 in Fighting
  3684 | D:3      | Reached skill level 1 in Poison Magic
  4019 | D:3      | Reached skill level 11 in Fighting
  4019 | D:3      | Reached XP level 5. HP: 37/67 MP: 2/9
  4025 | D:3      | Killed grom234's ghost
  4025 | D:3      | Reached XP level 6. HP: 57/74 MP: 3/10
  4529 | D:4      | Reached XP level 7. HP: 81/81 MP: 7/11
  4616 | D:4      | Noticed Robin
  4622 | D:4      | Killed Robin
  4915 | D:4      | Found a hide-covered altar of Uskayaw.
  4915 | D:4      | Found a glowing silver altar of Zin.
  5150 | D:5      | Entered Level 5 of the Dungeon
  5408 | D:5      | Found a staircase to the Ecumenical Temple.
  5415 | Temple   | Entered the Ecumenical Temple
  5486 | Temple   | Became a worshipper of Cheibriados the Contemplative
  6310 | D:6      | Reached XP level 8. HP: 86/90 MP: 12/12
  6461 | D:6      | Noticed Pikel
  6465 | D:6      | Noticed ohad's ghost (novice OpTm)
  6503 | D:6      | Killed Pikel
  6519 | D:6      | Gained mutation: You can exhale a cloud of poison. [potion of mutation]
  6519 | D:6      | Gained mutation: You expend magic power (3 MP) to strengthen your wands. [potion of mutation]
  6519 | D:6      | Gained mutation: You have a beak for a mouth. [potion of mutation]
  6520 | D:6      | Was placed under penance by Cheibriados
  6525 | D:6      | Killed ohad's ghost
  6525 | D:6      | Reached XP level 9. HP: 68/97 MP: 14/14
  6738 | D:6      | Was forgiven by Cheibriados
  7330 | D:6      | Found a blossoming altar of Fedhas.
  7507 | D:6      | Reached * piety under Cheibriados
  8478 | D:7      | Reached skill level 5 in Stealth
  8748 | D:8      | Noticed a two-headed ogre
  8761 | D:8      | Killed a two-headed ogre
  8761 | D:8      | Reached XP level 10. HP: 66/106 MP: 13/16
  8775 | D:8      | Reached ** piety under Cheibriados
  8825 | D:8      | Reached skill level 12 in Fighting
  8853 | D:8      | Reached skill level 5 in Spellcasting
  9339 | D:8      | Reached skill level 5 in Dodging
  9740 | D:8      | Reached *** piety under Cheibriados
  9916 | D:8      | Noticed a two-headed ogre
  9923 | D:8      | Killed a two-headed ogre
 10223 | D:9      | Found a basalt altar of Yredelemnul.
 10346 | D:9      | Found a sacrificial altar of Ru.
 10356 | D:9      | Reached XP level 11. HP: 109/115 MP: 16/19
 11463 | D:10     | Entered Level 10 of the Dungeon
 11507 | D:10     | Reached **** piety under Cheibriados
 11750 | D:10     | You fall through a shaft for 3 floors!
 11750 | D:13     | Noticed a two-headed ogre
 11762 | D:13     | Killed a two-headed ogre
 11789 | D:13     | Found Leirph's Elemental Accessories.
 11808 | D:12     | Noticed a skeletal warrior
 11808 | D:12     | Noticed a skeletal warrior
 11808 | D:12     | Noticed a skeletal warrior
 12140 | D:11     | Reached skill level 5 in Unarmed Combat
 12232 | D:11     | Reached skill level 1 in Invocations
 12607 | D:11     | Noticed a two-headed ogre
 12610 | D:11     | Noticed a seven-headed hydra
 12626 | D:11     | Noticed a manticore
 12635 | D:11     | Mangled by a skeletal warrior

Vault maps used:
D:1:      scummos_arrival_gate, minmay_misc_feat_tiny
D:2:      first_ration, tso_altar
D:4:      gammafunk_temple_overflow_elements, minmay_gold_behind_fungi,
          uniq_robin
D:5:      minmay_temple_entry_enclosed_plants
D:6:      marbit_many_paths, uniq_pikel
D:7:      serial_park_tiny_2
D:8:      enter_ossuary_4, david_nohive_1,
          hangedman_abyss_or_decor_jellyfish_corner
D:9:      yredelemnul_altar_generic, hex_large, nicolae_ru_awakened_eye
D:10:     erik_lair_dragon
D:11:     uniq_harold
D:12:     david_orc_3
D:13:     nicolae_elemental_shop
Temple:   regret_index_temple_mists

Skill      XL: |  1  2  3  4  5  6  7  8  9 10 11 |
---------------+----------------------------------+-----
Dodging        | 2 3 4 5 |  5.8
Axes           | 1 2 |  2.4
Stealth        | 1 2 3 4 5 6 7 |  7.4
Fighting       | 11 12 | 12.5
Poison Magic   | 1 2 3 4 |  4.0
Spellcasting   | 3 4 5 6 |  6.3
Transmutations | 3 4 |  4.7
Unarmed Combat | 4 5 |  5.0
Invocations    | 1 |  1.0

Action                   |  1- 3 |  4- 6 |  7- 9 | 10-12 || total
-------------------------+-------+-------+-------+-------++-------
Melee: Hand axe          |   111 |    65 |   261 |   174 ||   611
       Headbutt          |     3 |       |       |       ||     3
       Unarmed           |       |    36 |    78 |   158 ||   272
       Punch             |       |     1 |     3 |     5 ||     9
       Peck              |       |       |    28 |    46 ||    74
Throw: Stone             |       |       |       |     1 ||     1
 Cast: Beastly Appendage |     5 |       |       |       ||     5
       Spider Form       |       |     8 |     6 |    16 ||    30
Invok: Bend Time         |       |       |       |     2 ||     2
       Temporal Distorti |       |       |       |     2 ||     2
 Abil: Spit Poison       |     5 |     1 |     2 |       ||     8
       End Transformatio |       |     1 |       |     1 ||     2
       Breathe Poison Ga |       |       |     2 |    11 ||    13
  Use: Potion            |       |     4 |     4 |    10 ||    18
       Scroll            |       |       |     4 |    13 ||    17
 Stab: Sleeping          |     4 |       |     6 |    16 ||    26
       Distracted        |       |       |     1 |       ||     1
  Eat: Chunk             |     4 |     4 |     4 |     2 ||    14
       Ration            |       |     1 |     5 |     2 ||     8
Armor: Robe              |    40 |    34 |    91 |    54 ||   219
       Skin              |       |    13 |     8 |    58 ||    79
Dodge: Dodged            |    75 |    94 |   311 |   402 ||   882
       Deflected         |     2 |     1 |       |       ||     3

Table legend:
 A = Spawn XP
 B = Non-spawn XP
 C = Spawn XP percentage of total XP
 D = Spawn monster count
 E = Non-spawn monster count
 F = Spawn count percentage of total count
 G = Total turns spent on level
                    A         B        C        D         E        F      G
               +---------+---------+-------+---------+---------+-------+---------
         Total |       0 |   12739 |   0.0 |       0 |     222 |   0.0 | 12635
               +---------+---------+-------+---------+---------+-------+---------
           D:1 |       0 |      35 |   0.0 |       0 |      21 |   0.0 |  1906
           D:2 |       0 |      62 |   0.0 |       0 |      21 |   0.0 |  1263
           D:3 |       0 |     255 |   0.0 |       0 |      22 |   0.0 |  1276
           D:4 |       0 |     243 |   0.0 |       0 |      24 |   0.0 |   705
           D:5 |       0 |     383 |   0.0 |       0 |      15 |   0.0 |   944
           D:6 |       0 |    1696 |   0.0 |       0 |      24 |   0.0 |  1456
           D:7 |       0 |     602 |   0.0 |       0 |      12 |   0.0 |   939
           D:8 |       0 |    5441 |   0.0 |       0 |      41 |   0.0 |  1512
           D:9 |       0 |    1084 |   0.0 |       0 |      21 |   0.0 |  1256
          D:10 |       0 |     470 |   0.0 |       0 |       6 |   0.0 |   287
          D:11 |       0 |    1444 |   0.0 |       0 |      13 |   0.0 |   823
          D:13 |       0 |    1024 |   0.0 |       0 |       2 |   0.0 |    58
               +---------+---------+-------+---------+---------+-------+---------
